 Dungeon Crawl Stone Soup version 0.19-a0-1346-g7941943 (webtiles) character file.

42 Cath the Chiller (level 3, -1/28 HPs)
             Began as a Naga Ice Elementalist on Sept 1, 2016.
             Slain by a hobgoblin
             ... wielding a +0 club
              (2 damage)
             ... on level 2 of the Dungeon.
             The game lasted 00:03:19 (969 turns).

Cath the Chiller (Naga Ice Elementalist)             Turns: 969, Time: 00:03:20

Health: -1/28      AC:  2    Str: 10    XL:     3   Next: 54%
Magic:  6/6        EV: 10    Int: 16    God:
Gold:   77         SH:  0    Dex: 11    Spells: 2 memorised, 4 levels left

rFire  . . .     SeeInvis +     i - +4 whip (venom)
rCold  . . .     Gourm    .     a - +0 robe
rNeg   . . .     Faith    .     (no shield)
rPois  +         Spirit   .     (no helmet)
rElec  .         Dismiss  .     (no cloak)
rCorr  .         Reflect  .     (no gloves)
MR     .....     Harm     .     (no barding)
Stlth  ++........               (no amulet)
                                (no ring)
                                (no ring)

@: very slow
A: see invisible, deformed body, poison resistance, slowness 2, slow metabolism
1, spit poison 2, AC +1
a: Spit Poison


You were on level 2 of the Dungeon.
You were not hungry.

You visited 1 branch of the dungeon, and saw 2 of its levels.

You collected 77 gold pieces.

Inventory:

Hand Weapons
 i - a +4 whip of venom (weapon)
Armour
 a - a +0 robe (worn)
Scrolls
 e - a scroll of recharging {unknown}
 f - a scroll of identify {unknown}
 g - 2 scrolls of teleportation {unknown}
 h - 2 scrolls of enchant armour {unknown}
 k - a scroll of magic mapping {unknown}
 l - a scroll of enchant weapon {unknown}
 m - 2 scrolls of random uselessness {unknown}
Potions
 d - a potion of curing {unknown}
 j - a potion of flight {unknown}
 n - a potion of lignification {unknown}
Books
 b - a book of Frost

   Spells                             Type                      Level
   a - Freeze                         Ice                          1
   b - Throw Frost                    Conjuration/Ice              2
   c - Ozocubu's Armour               Charms/Ice                   3
   d - Throw Icicle                   Conjuration/Ice              4
   e - Summon Ice Beast               Ice/Summoning                4
Comestibles
 c - 3 bread rations


   Skills:
 - Level 1.5 Dodging
 - Level 3.0 Stealth
 + Level 2.6 Spellcasting
 * Level 1.3 Conjurations
 - Level 3.8 Ice Magic


You had 4 spell levels left.
You knew the following spells:

 Your Spells              Type           Power        Failure   Level  Hunger
a - Freeze                Ice            ##..         4%          1    #......
b - Throw Frost           Conj/Ice       ##....       12%         2    ##.....


Dungeon Overview and Level Annotations

Branches:
Dungeon (2/15)

Altars:


Innate Abilities, Weirdness & Mutations

You cannot wear boots.
Your serpentine skin is tough. (AC +1)
You have supernaturally acute eyesight. (SInv)
Armour fits poorly on your strangely shaped body.
Your system is resistant to poisons. (rPois)
You cover ground very slowly.
You have a slow metabolism.
You can spit poison.


Message History

A hobgoblin comes into view. It is wielding a club.
The adder hisses angrily.
The hobgoblin shouts!
The worm bites you!
You hit the worm.
The worm is poisoned.
The worm is moderately wounded.
The adder barely misses you. x2; The worm bites you!
Press: ? - help, Shift-Dir - straight line, f - worm
Aim: a worm (moderately wounded, poisoned)
The splash of poison hits the worm.
The worm looks even sicker.
The worm is heavily wounded.
You feel slightly more hungry. The adder bites you but does no damage.
You whack the adder!
The adder is poisoned.
The adder is almost dead.
You kill the adder!
The hobgoblin hits you with a club. The worm bites you!
* * * LOW HITPOINT WARNING * * *
You have got your breath back.
The hobgoblin hits you with a club.
You die...

######.###.##...# ..
...............# .###
.........#.#.... ... .
......##....#######.###..
........................
......###............#
......# #.......[.!..#
......# #..?....gw...##
......# #.......@.....#
####### #...........#.#
..# ####........# # ..#
#........# ..# #....!...#
..# #........# ..#
########## ..# ..#


You could see a worm and a hobgoblin.

Vanquished Creatures
  An adder (D:2)
  A dart slug (D:1)
  5 bats
  A giant cockroach (D:1)
  3 goblins
  6 hobgoblins
  A ball python (D:1)
  3 giant newts (D:2)
  5 kobolds
  7 rats
33 creatures vanquished.

Notes
Turn   | Place    | Note
-------+----------+-------------------------------------------
     0 | D:1      | Cath the Naga Ice Elementalist began the quest for the Orb.
     0 | D:1      | Reached XP level 1. HP: 15/15 MP: 3/3
   172 | D:1      | Reached XP level 2. HP: 14/22 MP: 3/5
   635 | D:1      | Reached XP level 3. HP: 24/28 MP: 6/6
   911 | D:2      | Learned a level 2 spell: Throw Frost
   968 | D:2      | HP: 1/28 [worm (9)]
   969 | D:2      | Slain by a hobgoblin

Vault maps used:
D:1:      dpeg_arrival_erosion
D:2:      fedhas_altar_2, uniq_sigmund

Action                   || total
-------------------------++-------
Melee: Unarmed           ||     2
       Whip              ||    31
 Cast: Freeze            ||    22
 Abil: Spit Poison       ||     2
 Stab: Sleeping          ||     2
Armor: Robe              ||    11
Dodge: Dodged            ||    29
